 Dungeon Crawl Stone Soup version 0.21-a0-59-g7b0e191 (webtiles) character file.

25 Duffy the Ruffian (level 2, 0/23 HPs)
             Began as a Draconian Transmuter on June 16, 2017.
             Slain by a worm (12 damage)
             ... on level 2 of the Dungeon.
             The game lasted 00:01:04 (1186 turns).

Duffy the Ruffian (Draconian Transmuter)            Turns: 1186, Time: 00:01:05

Health: 0/23       AC:  4    Str: 12    XL:     2   Next: 82%
Magic:  5/5        EV: 12    Int: 13    God:
Gold:   55         SH:  0    Dex: 11    Spells: 2/5 levels left

rFire    . . .     SeeInvis .     - Unarmed
rCold    . . .     Gourm    .   (no shield)
rNeg     . . .     Faith    .   (armour unavailable)
rPois    .         Spirit   .   (helmet restricted)
rElec    .         Reflect  .   (no cloak)
rCorr    .         Harm     .   (no gloves)
MR       .....                  (no boots)
Stlth    +.........             (no amulet)
HPRegen  0.07/turn              f - ring of wizardry
MPRegen  0.09/turn              (no ring)

@: no status effects
A: unfitting armour, cold-blooded, AC +4
a: no special abilities


You were on level 2 of the Dungeon.
You were not hungry.

You visited 1 branch of the dungeon, and saw 2 of its levels.

You collected 55 gold pieces.

Inventory:

Missiles
 a - 61 arrows
Jewellery
 f - a ring of wizardry (left hand)
Scrolls
 e - a scroll of identify {unknown}
 i - a scroll of random uselessness {unknown}
 k - a scroll of enchant weapon {unknown}
 l - a scroll of fear {unknown}
 m - a scroll of recharging {unknown}
 s - a scroll of remove curse {unknown}
 u - a scroll of amnesia {unknown}
Potions
 d - a potion of curing {unknown}
 g - 2 potions of berserk rage {unknown}
 h - a potion of mutation {unknown}
 j - a potion of degeneration {unknown}
 n - a potion of flight {unknown}
 o - a potion of haste {unknown}
 p - a potion of might {unknown}
 v - a potion of lignification {unknown}
Books
 b - a book of Changes

   Spells                             Type                      Level
   a - Beastly Appendage              Transmutation                1
   b - Sticks to Snakes               Transmutation                2
   c - Spider Form                    Transmutation/Poison         3
   d - Ice Form                       Ice/Transmutation            4
   e - Blade Hands                    Transmutation                5
Comestibles
 c - a bread ration
 q - 2 meat rations
 r - 2 royal jellies
 t - 4 fruits


   Skills:
 - Level 1.1 Fighting
 - Level 1.7 Dodging
 + Level 4.1 Unarmed Combat
 - Level 2.0 Spellcasting
 - Level 2.0 Transmutations


You had 2 spell levels left.
You knew the following spells:

 Your Spells              Type           Power        Failure   Level  Hunger
a - Beastly Appendage     Tmut           #.....       4%          1    ##.....
b - Sticks to Snakes      Tmut           #.......     7%          2    ###....


Dungeon Overview and Level Annotations

Branches:
Dungeon (2/15)

Altars:


Innate Abilities, Weirdness & Mutations

Your plain brown scales are hard. (AC +4)
You cannot fit into any form of body armour.
You are cold-blooded and may be slowed by cold attacks.


Message History

The giant cockroach barely misses you.
You hit the giant cockroach.
You kill the giant cockroach!
A worm is nearby!
Found a scroll labeled ZEKOVYESUU.
You hit the worm.
Your tail-slap misses the worm.
The worm is lightly wounded.
You hit the worm.
The worm is moderately wounded.
The worm bites you but does no damage.
You hit the worm.
The worm is heavily wounded.
The worm bites you!
You barely miss the worm.
The worm is heavily wounded.
You hit the worm.
The worm is severely wounded.
The worm bites you!
Ouch! That really hurt!
You die...

############
#..........#
#......!.()#
#........(.#
#...w......##
##....@......####
..........>##.....
####....#.........
#.#.##....[#### .....
##..##~~~# .....?
#..# ~~~~~
..##.#####.##~#~#~~ #
...........~~~~~~~~~#
########.#~~~~~~#~ #


You could see a worm.

Vanquished Creatures
  A dart slug (D:1)
  A leopard gecko (D:1)
  4 bats
  A giant cockroach (D:2)
  2 goblins (D:1)
  3 hobgoblins
  3 kobolds (D:1)
  6 rats
21 creatures vanquished.

Notes
Turn   | Place    | Note
-------+----------+-------------------------------------------
     0 | D:1      | Duffy the Draconian Transmuter began the quest for the Orb.
     0 | D:1      | Reached XP level 1. HP: 16/16 MP: 3/3
   477 | D:1      | Reached XP level 2. HP: 23/23 MP: 5/5
   481 | D:1      | Learned a level 2 spell: Sticks to Snakes
  1033 | D:2      | Reached skill level 4 in Unarmed Combat
  1186 | D:2      | Slain by a worm

Vault maps used:
D:1:      lightli_iron_boxes
D:2:      minivault_4, uniq_jessica, uniq_terence

Skill      XL: |  1  2 |
---------------+-------+-----
Unarmed Combat | 4 |  4.1
Fighting       | |  1.1
Dodging        | |  1.7
Spellcasting   | |  2.0
Transmutations | |  2.0

Action                   || total
-------------------------++-------
Melee: Unarmed           ||    70
       Tailslap          ||     5
 Stab: Sleeping          ||     1
  Eat: Chunk             ||     1
Armor: Skin              ||    14
Dodge: Dodged            ||    47
